 Dungeon Crawl Stone Soup version 0.17.0-24-gcfadda4 (webtiles) character file.

223167 Gorice the Fencer (level 18, -8/145 HPs)
             Began as a Demonspawn Wanderer on Nov 14, 2015.
             Was the Champion of Okawaru.
             Mangled by a golden dragon simulacrum (24 damage)
             ... in an ice cave on Nov 15, 2015.
             The game lasted 04:53:24 (45867 turns).

Gorice the Fencer (Demonspawn Wanderer)            Turns: 45867, Time: 04:53:24

Health: -8/145     AC: 34    Str: 18    XL:     18   Next: 55%
Magic:  24/24      EV: 18    Int: 21    God:    Okawaru [******]
Gold:   461        SH:  0    Dex: 15    Spells: 7 memorised, 9 levels left

rFire  + . .     SeeInvis .     a - +1 great sword "Banun" {drain, rPois rF+ rN+}
rCold  . . .     Clarity  .     h - quicksilver dragon armour of Lifelessness {+Fly MR+ Int+2}
rNeg   + . .     SustAt   .     (shield currently unavailable)
rPois  +         Gourm    .     (helmet unavailable)
rElec  +         Spirit   .     j - +1 cloak {+Inv}
rCorr  .         Warding  .     z - +2 pair of gloves {Dex+3}
rMut   .         Stasis   .     o - +2 pair of boots {Fly}
MR     ++...                    m - amulet of faith {!P}
Stlth  ++........               e - ring of Wazadae {rElec Slay+4}
                                y - +4 ring of evasion

@: sluggish, heroism, flying, repel missiles, very slow, very resistant to
hostile enchantments, unstealthy
A: horns 3, iridescent scales 2, clever 1, powered by pain 3, spiny 1
a: Heroism, Finesse, Renounce Religion, Evoke Invisibility, Stop Flying
}: 1/15 runes: serpentine


You were in an ice cave.
You worshipped Okawaru.
Okawaru was exalted by your worship.
You were not hungry.

You visited 6 branches of the dungeon, and saw 35 of its levels.
You visited 1 bazaar.
You also visited: Ice Cave.

You collected 3850 gold pieces.
You spent 3389 gold pieces at shops.

Inventory:

Hand Weapons
 a - the +1 great sword "Banun" (weapon) {drain, rPois rF+ rN+}
   (Okawaru gifted it to you on level 8 of the Lair of Beasts)

   A truly terrible weapon, it drains the life of those it strikes.
   It protects you from fire.
   It protects you from poison.
   It protects you from negative energy.
 B - a +0 blowgun
Missiles
 d - 8 tomahawks
 R - 5 curare-tipped needles
 X - 19 javelins of penetration (quivered)
 Y - 4 throwing nets
Armour
 h - the quicksilver dragon armour of Lifelessness (worn) {+Fly MR+ Int+2}
   (You bought it in a shop on level 4 of the Orcish Mines)

   It affects your intelligence (+2).
   It affects your resistance to hostile enchantments.
   It lets you fly.
 j - a +1 cloak of invisibility (worn)
   (Okawaru gifted it to you on level 3 of the Snake Pit)
 o - a +2 pair of boots of flying (worn)
   (Okawaru gifted it to you on level 5 of the Lair of Beasts)
 z - a +2 pair of gloves of dexterity (worn)
   (Okawaru gifted it to you on level 13 of the Dungeon)
Rods
 I - a +0 iron rod (11/11) {!a}
   (You found it on level 13 of the Dungeon)
 S - a +4 rod of shadows (11/11) {!a}
   (You bought it in a shop on level 5 of the Dungeon)
 W - a +6 rod of the swarm (10/10) {!a}
   (You found it on level 8 of the Lair of Beasts)
Jewellery
 e - the ring of Wazadae (right hand) {rElec Slay+4}
   (You found it on level 8 of the Lair of Beasts)

   [ring of slaying]

   It affects your accuracy and damage with ranged weapons and melee attacks
   (+4).
   It insulates you from electricity.
 k - an uncursed ring of invisibility
 l - an uncursed ring of protection from magic
 m - an amulet of faith (around neck) {!P}
 s - an uncursed ring of see invisible
 y - a +4 ring of evasion (left hand)
 M - an uncursed amulet of resist corrosion
Wands
 n - a wand of teleportation (4) {!d}
 r - a wand of fire (5)
 A - a wand of paralysis (15)
 L - a wand of digging (10)
 N - a wand of draining (7)
 P - a wand of enslavement (13)
Scrolls
 c - 6 scrolls of identify
 i - 9 scrolls of remove curse
 C - a scroll of vulnerability {!r!r}
 D - a scroll of fog
 H - 4 scrolls of fear {!r}
 J - 6 scrolls of noise {!r}
 K - 7 scrolls of teleportation {!r}
 T - 3 scrolls of blinking
Potions
 b - 15 potions of curing
 g - 6 potions of haste {!q}
 q - 3 potions of heal wounds {!q}
 u - 5 potions of invisibility {!q}
 E - 3 potions of cancellation {!q}
 F - 6 potions of might {!q}
 O - a potion of resistance {!q}
 Q - 3 potions of agility {!q}
Books
 p - a book of Spatial Translocations
Miscellaneous
 w - a sack of spiders
Comestibles
 f - 15 bread rations {!e}
 G - 15 fruits


   Skills:
 + Level 13.7(18.7) Fighting
 - Level 18.0(23.0) Long Blades
 + Level 15.8(20.8) Armour
 - Level 1.0(6.0) Dodging
   Level 1.7(6.7) Shields
 - Level 2.6(7.6) Unarmed Combat
 + Level 4.6 Spellcasting
 - Level 10.0 Charms
 + Level 3.8 Translocations
   Level 1.0 Ice Magic
 - Level 8.1 Invocations
 - Level 9.0 Evocations


You had 9 spell levels left.
You knew the following spells:

 Your Spells              Type           Power        Failure   Level  Hunger
a - Portal Projectile     Tloc           ###...       12%         3    ##.....
A - Apportation           Tloc           ###.......   3%          1    None
B - Summon Butterflies    Summ           #.......     17%         1    None
H - Haste                 Chrm           #####...     38%         6    #######
J - Blink                 Tloc           N/A          6%          2    #......
M - Repel Missiles        Chrm/Air       ####..       3%          2    #......
S - Swiftness             Chrm/Air       ####....     3%          2    #......


Dungeon Overview and Level Annotations

Branches:
Dungeon (15/15)            Temple (1/1) D:4            Lair (8/8) D:9
 Shoals (3/4) Lair:4        Snake (4/4) Lair:5        Slime (0/6) Lair:8
    Orc (4/4) D:12            Elf (0/3) Orc:3        Vaults (0/5) D:14
 Depths (0/5) D:15

Altars:
Ashenzari
Cheibriados
Dithmenos
Elyvilon
Fedhas
Gozag
Kikubaaqudgha
Makhleb
Nemelex Xobeh
Okawaru
Qazlal
Ru
Sif Muna
Trog
Vehumet
Xom
Yredelemnul
Zin
The Shining One
Beogh
Jiyva

Shops:
D:5 }   D:8 (   D:15 %   Orc:4 %[!*   Snake:2 (

Annotations:
Lair:2 exclusion: oklob plant


Innate Abilities, Weirdness & Mutations

You have a pair of large horns on your head.
You are mostly covered in iridescent scales (AC +6).
You are powered by pain.
You are partially covered in sharp spines.
Your mind is acute. (Int +2)


Message History

Throwing (i - inventory. (,) - cycle):
X - 26 javelins of penetration (quivered)
Press: ? - help, Shift-Dir - straight line, f - golden dragon simulacrum
Aim: a golden dragon simulacrum You throw a javelin of penetration.
The javelin of penetration pierces through the golden dragon simulacrum!
Fire/throw which item? (* to show all) (? for menu, Esc to quit)
Okay, then.
Throwing (i - inventory. (,) - cycle):
X - 25 javelins of penetration (quivered)
Press: ? - help, Shift-Dir - straight line, f/p - golden dragon simulacrum
Aim: a golden dragon simulacrum You throw a javelin of penetration.
The javelin of penetration pierces through the golden dragon simulacrum.
Throwing (i - inventory. (,) - cycle):
X - 24 javelins of penetration (quivered)
Press: ? - help, Shift-Dir - straight line, f/p - golden dragon simulacrum
Aim: a golden dragon simulacrum You throw a javelin of penetration.
The javelin of penetration pierces through the golden dragon simulacrum.
Throwing (i - inventory. (,) - cycle):
X - 23 javelins of penetration (quivered)
Press: ? - help, Shift-Dir - straight line, f/p - golden dragon simulacrum
Aim: a golden dragon simulacrum You throw a javelin of penetration.
The javelin of penetration pierces through the golden dragon simulacrum but does no damage.
Throwing (i - inventory. (,) - cycle):
X - 22 javelins of penetration (quivered)
Press: ? - help, Shift-Dir - straight line, f/p - golden dragon simulacrum
Aim: a golden dragon simulacrum You throw a javelin of penetration.
The javelin of penetration pierces through the golden dragon simulacrum!
Throwing (i - inventory. (,) - cycle):
X - 21 javelins of penetration (quivered)
Press: ? - help, Shift-Dir - straight line, f/p - golden dragon simulacrum
Aim: a golden dragon simulacrum You throw a javelin of penetration.
The javelin of penetration pierces through the golden dragon simulacrum!
Throwing (i - inventory. (,) - cycle):
X - 20 javelins of penetration (quivered)
Press: ? - help, Shift-Dir - straight line, f/p - golden dragon simulacrum
Aim: a golden dragon simulacrum You throw a javelin of penetration.
The javelin of penetration pierces through the golden dragon simulacrum but does no damage.
You start to feel a little faster.
You hit the golden dragon simulacrum. The golden dragon simulacrum bites you.
The golden dragon simulacrum freezes you!!
* * * LOW HITPOINT WARNING * * *
You focus on the pain.
You feel your power returning. The golden dragon simulacrum claws you.
* * * LOW HITPOINT WARNING * * *
The golden dragon simulacrum freezes you!!
* * * LOW HITPOINT WARNING * * *
The golden dragon simulacrum tramples you.
* * * LOW HITPOINT WARNING * * *
The golden dragon simulacrum freezes you!!
You die...

#...###.###5..###
##Z§..####.Z###
##.#.### #ZZ. ##...##
##. ##..### ## #..###
##...##### ###((##.####
#..#((((Z@##
###.#####..##
#....#....##
########.###..#
##.#...#####...##
#####.....#..#####..###
##..∩##..####..#
###..##
#∩..####..###..# ##..##
#....# #..##...##
##..##


You could see a golden dragon simulacrum.

Vanquished Creatures
  The ghost of zkyp the Peltast, an adept TrCK of Xom (Snake:1)
  Polyphemus (Shoals:2)
  Frances (D:14)
  Kirke (Snake:4)
  9 greater nagas
  A frost giant (D:15)
  An orc warlord (Orc:4)
  Azrael (Snake:3)
  2 merfolk javelineers
  4 vault guards (D:14)
  3 merfolk impalers (Shoals:2)
  A fire dragon (D:14)
  9 hydras
  17 naga warriors
  23 anacondas
  3 catoblepae (Lair:8)
  2 centaur warriors
  A merfolk avatar (Shoals:2)
  2 alligator snapping turtles (Shoals:2)
  3 merfolk aquamancers
  23 death yaks
  3 orc high priests (Orc:4)
  10 naga sharpshooters
  10 shock serpents
  Nergalle (Lair:2)
  3 salamander mystics
  8 sea snakes
  3 ice devils (IceCv)
  7 naga ritualists
  4 hill giants
  6 orc knights
  8 mana vipers
  12 harpies
  A lindwurm (Lair:8)
  17 ugly things
  3 unseen horrors
  4 griffons
  7 fauns
  2 water nymphs
  4 orc sorcerers
  28 black mambas
  5 manticores
  A wolf spider (D:13)
  4 cyclopes
  11 elephants
  5 sirens
  11 salamanders
  Maurice (Orc:2)
  2 centaur zombies (D:12)
  8 spiny frogs
  An ice statue (IceCv)
  21 naga magi
  Psyche (D:9)
  3 gargoyles
  11 guardian serpents
  4 kobold demonologists (D:15)
  7 komodo dragons
  An anaconda simulacrum (IceCv)
  4 yaktaurs
  6 fire drakes
  3 trolls
  14 merfolk
  A wolf spider simulacrum (IceCv)
  2 polar bears
  2 freezing wraiths (IceCv)
  A blue devil (IceCv)
  25 blink frogs
  3 snapping turtles
  6 slime creatures
  3 two-headed ogres
  A vampire (D:14)
  The ghost of JudasIscariot the Sneak, an amateur KoAs (D:4)
  53 yaks
  2 trapdoor spiders (D:11)
  4 shadows
  3 wyverns
  A fire elemental (Snake:3)
  8 water elementals
  2 wraiths
  Eustachio (D:6)
  A deep elf fighter (D:14)
  14 hippogriffs
  2 hungry ghosts
  2 hogs (Snake:4)
  63 nagas
  Menkaure (D:6)
  A harpy simulacrum (IceCv)
  5 wargs
  2 mottled dragons (D:14)
  8 wolves (Lair:8)
  A soldier ant (D:12)
  A basilisk (Lair:5)
  15 water moccasins
  7 porcupines
  A vampire mosquito (D:14)
  A hell hound (Snake:3)
  An eye of draining (D:13)
  A sky beast (D:7)
  A phantom (D:7)
  49 orc warriors
  3 ice beasts
  A wasp (D:15)
  2 black bears
  An alligator simulacrum (IceCv)
  5 centaurs
  26 ogres
  A brain worm (D:11)
  5 big kobolds
  7 crocodiles
  Blork the orc (D:7)
  23 giant frogs
  2 wyvern zombies
  5 scorpions
  14 killer bees
  13 wights
  3 vampire bats (Lair:7)
  5 electric eels
  5 crimson imps
  A giant frog zombie (D:11)
  A draconian simulacrum (IceCv)
  5 hounds
  A wasp zombie (D:9)
  5 jellies
  A quasit (D:7)
  45 orc priests
  2 giant frog skeletons
  Ijyb (D:3)
  39 orc wizards
  19 worker ants
  3 centaur skeletons
  2 gnoll shamans
  12 iguanas
  A spriggan simulacrum (IceCv)
  A polar bear simulacrum (IceCv)
  A killer bee zombie (D:5)
  A troll simulacrum (IceCv)
  8 sheep
  A centaur simulacrum (IceCv)
  2 worker ant zombies
  Robin (D:4)
  11 gnolls
  A naga simulacrum (IceCv)
  31 river rats
  An ogre simulacrum (IceCv)
  A shadow imp (D:5)
  17 adders
  A white imp (IceCv)
  4 oozes
  6 ufetubi (IceCv)
  2 adder skeletons
  2 worms (D:3)
  6 giant geckos
  259 orcs
  9 bats
  5 bat zombies (D:3)
  6 giant cockroaches
  9 hobgoblins
  6 jackals
  28 kobolds
  5 ball pythons
  2 giant gecko skeletons
  4 giant newts
  22 goblins
  A jackal skeleton (D:5)
  3 quokkas
  A quokka zombie (D:5)
  A rat (D:1)
  A rat zombie (D:3)
  A spectral orc (D:5)
  2 fungi
  A plant (D:15)
1394 creatures vanquished.

Vanquished Creatures (collateral kills)
  Rupert (Lair:3)
  Wiglaf (Snake:4)
  An orc high priest (Orc:4)
  An ugly thing (Shoals:2)
  A naga (Snake:4)
  An orc warrior (Orc:4)
  An orc (Orc:4)
7 creatures vanquished.

Vanquished Creatures (others)
  A naga warrior (Snake:3)
  A catoblepas (Shoals:2)
  A naga sharpshooter (Snake:3)
  A salamander mystic (Snake:3)
  A sea snake (Shoals:2)
  2 salamanders (Snake:3)
  A guardian serpent (Snake:4)
  2 black mambas
  2 fire elementals (Snake:3)
  4 humans (Snake:4)
  A naga (Snake:3)
  A hell hound (Snake:3)
  22 fungi
  11 plants
51 creatures vanquished.

Grand Total: 1452 creatures vanquished

Notes
Turn   | Place    | Note
--------------------------------------------------------------
     0 | D:1      | Gorice the Demonspawn Wanderer began the quest for the Orb.
     0 | D:1      | Gorice set off with: a book of Minor Magic, a potion of curing, a +0 buckler, a +0 robe, a +0 club, a bread ration {!e}
     0 | D:1      | Reached XP level 1. HP: 15/15 MP: 3/3
    27 | D:1      | Gained mutation: You are partially covered in sharp spines. [demonic ancestry]
    27 | D:1      | Reached XP level 2. HP: 11/21 MP: 5/5
   372 | D:1      | Reached skill level 2 in Fighting
   580 | D:2      | Gained mutation: You have a pair of small horns on your head. [demonic ancestry]
   580 | D:2      | Reached XP level 3. HP: 20/28 MP: 6/6
   890 | D:2      | Found an iron altar of Okawaru.
   896 | D:2      | Became a worshipper of Warmaster Okawaru
   898 | D:2      | Reached skill level 3 in Fighting
  1188 | D:2      | Found a faded altar to an unknown god.
  1368 | D:2      | Gained mutation: You sometimes gain a little power by taking damage. [demonic ancestry]
  1368 | D:2      | Reached XP level 4. HP: 33/35 MP: 7/7
  1567 | D:2      | Reached skill level 1 in Long Blades
  1931 | D:3      | Reached skill level 2 in Long Blades
  1931 | D:3      | Reached XP level 5. HP: 35/42 MP: 8/8
  1999 | D:3      | Noticed Ijyb
  2006 | D:3      | Killed Ijyb
  2056 | D:3      | Found an ancient bone altar of Kikubaaqudgha.
  2367 | D:3      | Reached skill level 4 in Fighting
  2759 | D:3      | Reached skill level 1 in Armour
  2801 | D:4      | Found a staircase to the Ecumenical Temple.
  3040 | D:3      | Reached * piety under Okawaru
  3040 | D:3      | Reached skill level 3 in Long Blades
  3040 | D:3      | Reached XP level 6. HP: 35/48 MP: 9/9
  3085 | Temple   | Entered the Ecumenical Temple
  3177 | D:4      | Noticed JudasIscariot's ghost (amateur KoAs)
  3197 | D:4      | Killed JudasIscariot's ghost
  3197 | D:4      | Reached skill level 2 in Armour
  3325 | D:4      | Reached skill level 4 in Long Blades
  3474 | D:4      | Reached XP level 7. HP: 55/55 MP: 10/10
  3478 | D:4      | Noticed Robin
  3484 | D:4      | Killed Robin
  3810 | D:5      | Entered Level 5 of the Dungeon
  3934 | D:5      | HP: 12/55 [ogre/giant spiked club (21)]
  3941 | D:5      | Reached ** piety under Okawaru
  4327 | D:5      | Reached skill level 5 in Fighting
  4360 | D:5      | Reached skill level 5 in Long Blades
  4451 | D:5      | Found Gycaynt's Gadget Emporium.
  4554 | D:5      | Found a basalt altar of Yredelemnul.
  4921 | D:6      | Noticed Eustachio
  4940 | D:6      | Killed Eustachio
  4940 | D:6      | Reached skill level 3 in Armour
  4940 | D:6      | Reached XP level 8. HP: 59/62 MP: 9/11
  4996 | D:6      | Noticed Blork the orc
  5161 | D:6      | Noticed Menkaure
  5465 | D:7      | HP: 13/62 [iguana (8)]
  5480 | D:7      | HP: 15/63 [orc/trident (4)]
  5495 | D:7      | Reached skill level 6 in Long Blades
  5897 | D:7      | Reached *** piety under Okawaru
  5897 | D:7      | Reached skill level 4 in Armour
  6158 | D:7      | Reached skill level 6 in Fighting
  6184 | D:7      | Reached skill level 7 in Long Blades
  6556 | D:7      | Reached **** piety under Okawaru
  6720 | D:8      | Gained mutation: You have a pair of horns on your head. [demonic ancestry]
  6720 | D:8      | Reached XP level 9. HP: 58/69 MP: 12/12
  6943 | D:8      | Reached skill level 5 in Armour
  7039 | D:8      | Reached skill level 8 in Long Blades
  7215 | D:8      | Found Deir's Weapon Emporium.
  7324 | D:8      | Found a sacrificial altar of Ru.
  7673 | D:8      | Reached ***** piety under Okawaru
  7673 | D:8      | Reached skill level 7 in Fighting
  7712 | D:8      | Found a deep blue altar of Sif Muna.
  7767 | D:8      | Gained mutation: Your mind is acute. (Int +2) [potion of beneficial mutation]
  7905 | D:8      | Reached skill level 9 in Long Blades
  8018 | D:9      | Reached skill level 6 in Armour
  8097 | D:9      | Noticed Psyche
  8289 | D:8      | Gained mutation: You have a pair of large horns on your head. [demonic ancestry]
  8289 | D:8      | Reached XP level 10. HP: 75/79 MP: 13/13
  8535 | D:9      | Killed Psyche
  8538 | D:9      | --Woah - dagger of distortion - lucky!
  8653 | D:9      | Found a staircase to the Lair.
  8757 | D:9      | Found a glowing silver altar of Zin.
  8760 | D:9      | Found a white marble altar of Elyvilon.
  8763 | D:9      | Found a shattered altar of Ashenzari.
  8973 | Lair:1   | Entered Level 1 of the Lair of Beasts
  9620 | Lair:1   | Reached skill level 8 in Fighting
  9757 | Lair:1   | Reached skill level 10 in Long Blades
  9913 | Lair:1   | Reached skill level 1 in Invocations
 10183 | D:7      | Killed Blork the orc
 10183 | D:7      | Received a gift from Okawaru
 10183 | D:7      | Reached skill level 2 in Invocations
 10233 | D:6      | Killed Menkaure
 10782 | Lair:2   | Noticed an oklob plant
 10850 | Lair:2   | Reached skill level 3 in Invocations
 10851 | Lair:2   | Noticed a seven-headed hydra
 10865 | Lair:2   | Killed a seven-headed hydra
 10865 | Lair:2   | Reached skill level 7 in Armour
 10865 | Lair:2   | Reached skill level 4 in Invocations
 11683 | Lair:3   | Reached XP level 11. HP: 78/86 MP: 14/14
 11723 | Lair:3   | Reached skill level 11 in Long Blades
 12012 | Lair:3   | Reached skill level 5 in Invocations
 12034 | Lair:3   | Noticed Nergalle
 12071 | Lair:2   | Killed Nergalle
 12281 | Lair:3   | Noticed Rupert
 12403 | Lair:4   | Reached skill level 6 in Invocations
 12407 | Lair:4   | Received a gift from Okawaru
 12408 | Lair:4   | Got a bloodstained great sword {god gift}
 12417 | Lair:4   | Identified the +2 great sword of the Special Nights {slice, -Tele rElec Dex+3} (Okawaru gifted it to you on level 4 of the Lair of Beasts)
 12673 | Lair:4   | Reached skill level 8 in Armour
 13218 | Lair:4   | Reached skill level 12 in Long Blades
 13218 | Lair:4   | Reached skill level 7 in Invocations
 13234 | Lair:4   | Found a staircase to the Shoals.
 13682 | Lair:4   | Received a gift from Okawaru
 13867 | Lair:4   | Reached skill level 8 in Invocations
 13878 | Lair:4   | Gained mutation: You sometimes gain power by taking damage. [demonic ancestry]
 13878 | Lair:4   | Reached XP level 12. HP: 32/92 MP: 18/18
 13886 | Lair:4   | HP: 19/92 [blink frog (11)]
 14254 | Lair:4   | Upgraded the game from 0.17.0-23-g0de4337 to 0.17.0-24-gcfadda4
 14914 | Lair:4   | Noticed a death yak
 14914 | Lair:4   | Noticed a death yak
 14914 | Lair:4   | Noticed a death yak
 14915 | Lair:4   | Noticed a death yak
 14923 | Lair:4   | Noticed a death yak
 14923 | Lair:4   | Killed a death yak
 14932 | Lair:4   | Killed a death yak
 14942 | Lair:4   | Killed a death yak
 14942 | Lair:4   | Reached skill level 9 in Armour
 14946 | Lair:4   | Killed a death yak
 14946 | Lair:4   | Reached skill level 13 in Long Blades
 14951 | Lair:4   | Killed a death yak
 15321 | Lair:5   | Reached ****** piety under Okawaru
 15365 | Lair:5   | Found a staircase to the Snake Pit.
 15811 | Lair:5   | Received a gift from Okawaru
 16003 | Lair:5   | Reached skill level 9 in Fighting
 16886 | Lair:6   | Noticed an eight-headed hydra
 16904 | Lair:6   | Killed an eight-headed hydra
 17040 | Lair:6   | Noticed a seven-headed hydra
 17053 | Lair:6   | Killed a seven-headed hydra
 17231 | Lair:6   | Gained mutation: You are partially covered in iridescent scales (AC +4). [demonic ancestry]
 17231 | Lair:6   | Reached XP level 13. HP: 79/101 MP: 19/19
 17232 | Lair:6   | --Woah iridescent, the best sort!
 17261 | Lair:6   | Received a gift from Okawaru
 17261 | Lair:6   | Reached skill level 14 in Long Blades
 17262 | Lair:6   | Got a pair of brightly glowing boots {god gift}
 17273 | Lair:6   | Identified the +0 pair of boots of Negligence {+Blink rF+ Regen+ MP-9} (Okawaru gifted it to you on level 6 of the Lair of Beasts)
 17285 | Lair:6   | Reached skill level 10 in Armour
 17556 | Lair:7   | Reached skill level 1 in Evocations
 17710 | Lair:7   | Reached skill level 2 in Evocations
 18990 | Lair:7   | Reached skill level 3 in Evocations
 19038 | Lair:8   | Entered Level 8 of the Lair of Beasts
 19197 | Lair:8   | Got a warped pewter ring
 19207 | Lair:8   | Identified the ring of Wazadae {rElec Slay+4} (You found it on level 8 of the Lair of Beasts)
 19331 | Lair:8   | HP: 25/101 [death yak (14)]
 19332 | Lair:8   | HP: 7/101 [death yak (18)]
 19483 | Lair:8   | Reached skill level 4 in Evocations
 19547 | Lair:8   | Received a gift from Okawaru
 19548 | Lair:8   | Got a pitted great sword {god gift}
 19549 | Lair:8   | Identified the +1 great sword "Banun" {drain, rPois rF+ rN+} (Okawaru gifted it to you on level 8 of the Lair of Beasts)
 19703 | Lair:8   | Found a runed door.
 19704 | Lair:8   | Found a viscous altar of Jiyva.
 19712 | Lair:8   | Found a staircase to the Slime Pits.
 19879 | Lair:8   | Reached skill level 15 in Long Blades
 20052 | Lair:8   | Reached skill level 5 in Evocations
 20292 | Lair:8   | Reached skill level 11 in Armour
 20413 | Lair:8   | Received a gift from Okawaru
 20413 | Lair:8   | Gained mutation: You are powered by pain. [demonic ancestry]
 20413 | Lair:8   | Reached XP level 14. HP: 80/108 MP: 11/20
 20637 | Lair:8   | Reached skill level 6 in Evocations
 20969 | Lair:8   | Identified a +6 rod of the swarm (10/10) (You found it on level 8 of the Lair of Beasts)
 21282 | D:10     | Entered Level 10 of the Dungeon
 21441 | D:10     | Found a viscous altar of Jiyva.
 21937 | D:11     | You fall through a shaft for 2 floors!
 22047 | D:13     | Received a gift from Okawaru
 22476 | D:13     | Received a gift from Okawaru
 22493 | D:12     | Reached skill level 16 in Long Blades
 22541 | D:11     | Reached skill level 7 in Evocations
 22698 | D:11     | Found a runed door.
 22714 | D:11     | Found a runed door.
 23634 | Lair:1   | Learned a level 2 spell: Repel Missiles
 23709 | D:5      | Bought a +4 rod of shadows (11/11) for 1100 gold pieces
 23861 | D:12     | Got a bloodstained long sword
 23862 | D:12     | Identified the +6 long sword "Yvohuam" {freeze, rPois rF+} (You found it on level 12 of the Dungeon)
 23890 | D:12     | Found a staircase to the Orcish Mines.
 24432 | D:12     | Reached skill level 12 in Armour
 24737 | Lair:1   | Learned a level 2 spell: Swiftness
 24810 | Orc:1    | Entered Level 1 of the Orcish Mines
 24882 | Orc:1    | Received a gift from Okawaru
 24883 | Orc:1    | Got a pair of spiked boots {god gift}
 24894 | Orc:1    | Identified the +0 pair of boots "Oniylu" {MR+ Str+3 Int-5 Stlth+} (Okawaru gifted it to you on level 1 of the Orcish Mines)
 25116 | Orc:2    | Noticed Maurice
 25121 | Orc:2    | Killed Maurice
 25155 | Orc:2    | Found a radiant altar of Vehumet.
 25656 | Orc:1    | Reached skill level 8 in Evocations
 26226 | Orc:3    | Found a roughly hewn altar of Beogh.
 26267 | Orc:3    | Found a burning altar of Makhleb.
 26666 | Orc:3    | Found a staircase to the Elven Halls.
 26755 | Orc:4    | Entered Level 4 of the Orcish Mines
 26962 | Orc:4    | Gained mutation: You are mostly covered in iridescent scales (AC +6). [demonic ancestry]
 26962 | Orc:4    | Reached XP level 15. HP: 114/114 MP: 12/21
 27513 | Orc:4    | --wow that Orc Knight had 3 pots heal wounds!
 28224 | Orc:4    | Noticed an orc warlord
 28251 | Orc:4    | Killed an orc warlord
 28286 | Orc:4    | Found a roughly hewn altar of Beogh.
 28553 | Orc:4    | Found Qayggogra's Distillery.
 28608 | Orc:4    | Bought a potion of curing for 33 gold pieces
 28628 | Orc:4    | Found Woelon's Assorted Antiques.
 28694 | Orc:4    | Bought a scroll of identify for 58 gold pieces
 28694 | Orc:4    | Bought an encrusted jade ring for 145 gold pieces
 28872 | Orc:4    | Found a roughly hewn altar of Beogh.
 28933 | Orc:4    | Received a gift from Okawaru
 29087 | Orc:4    | Found Geph's Food Emporium.
 29097 | Orc:4    | Found Zuvar's Antique Armour Shoppe.
 29245 | Orc:4    | Got a slimy dagger {vamp}
 29476 | D:13     | Reached skill level 9 in Evocations
 30491 | Orc:4    | Bought an ancient quicksilver dragon armour for 1690 gold pieces
 30501 | Orc:4    | Identified the cursed quicksilver dragon armour of Lifelessness {+Fly MR+ Int+2} (You bought it in a shop on level 4 of the Orcish Mines)
 30552 | Orc:2    | Reached skill level 17 in Long Blades
 30892 | D:14     | Reached skill level 1 in Charms
 31201 | D:14     | Received a gift from Okawaru
 31366 | D:14     | Reached skill level 2 in Charms
 31423 | D:14     | Noticed Frances
 31462 | D:14     | Killed Frances
 31479 | D:14     | Found a gate to the Vaults.
 31774 | D:11     | Received a gift from Okawaru
 31775 | D:11     | Got a slimy buckler {god gift}
 31831 | Lair:1   | Identified the +0 buckler of the Nine Realms {rC+ Int+3} (Okawaru gifted it to you on level 11 of the Dungeon)
 31986 | D:15     | Entered Level 15 of the Dungeon
 31995 | D:14     | Reached skill level 3 in Charms
 32102 | D:15     | Found Lotziunk's Food Boutique.
 32330 | D:15     | Found a staircase to the Depths.
 33711 | Lair:3   | Killed Rupert
 33770 | Lair:1   | Reached skill level 13 in Armour
 33936 | Snake:1  | Entered Level 1 of the Snake Pit
 34045 | Snake:1  | Reached XP level 16. HP: 105/120 MP: 13/22
 34056 | Snake:1  | Reached skill level 4 in Charms
 34192 | Snake:1  | Received a gift from Okawaru
 34320 | Snake:1  | Noticed zkyp's ghost (adept TrCK)
 34347 | Snake:1  | HP: 30/120 [zkyp's ghost (19)]
 34434 | Snake:1  | Killed zkyp's ghost
 34535 | Snake:1  | Reached skill level 18 in Long Blades
 34897 | Snake:2  | Reached skill level 5 in Charms
 34960 | Snake:2  | Received a gift from Okawaru
 35003 | Snake:2  | Reached skill level 10 in Fighting
 35012 | Snake:2  | HP: 27/122 [sea snake (14)]
 35018 | Snake:2  | HP: 23/122 [poisoned by a sea snake]
 35492 | Snake:2  | Reached skill level 6 in Charms
 36171 | Snake:2  | Found Gyjumu Ygha's Weapon Emporium.
 36466 | Snake:3  | Found a flickering gateway to a bazaar.
 36467 | Snake:3  | Noticed Azrael
 36481 | Snake:3  | Killed Azrael
 36626 | Snake:3  | Reached skill level 14 in Armour
 36640 | Bazaar   | Entered a bazaar
 36640 | Bazaar   | Found Maw Emmo's Antique Armour Boutique.
 36647 | Bazaar   | Found Kiuroff's Gadget Shoppe.
 36655 | Bazaar   | Found Asopiz's Distillery.
 36668 | Bazaar   | Found Baakhlesu's General Store.
 36691 | Bazaar   | Found Quxyd's Antique Weapon Emporium.
 36712 | Bazaar   | Bought a pair of ancient gloves for 171 gold pieces
 36723 | Bazaar   | Identified the +0 pair of gloves of Immorality {-Tele rElec Regen+ Dex+5} (You bought it in a shop in a bazaar)
 36748 | Bazaar   | Bought a wand of teleportation (4) for 192 gold pieces
 36834 | Snake:2  | Reached skill level 11 in Fighting
 36899 | Snake:3  | Received a gift from Okawaru
 36899 | Snake:3  | Reached skill level 7 in Charms
 36923 | Snake:3  | HP: 33/125 [naga warrior/trident (20)]
 37268 | Snake:3  | HP: 29/125 [salamander/enchanted glaive (13)]
 37756 | Snake:3  | Reached XP level 17. HP: 131/131 MP: 14/23
 38416 | Snake:4  | Entered Level 4 of the Snake Pit
 38429 | Snake:3  | Received a gift from Okawaru
 38829 | Snake:4  | Noticed Kirke
 38842 | Snake:4  | Killed Kirke
 38963 | Snake:3  | Reached skill level 8 in Charms
 39591 | Snake:4  | Reached skill level 12 in Fighting
 39682 | Snake:4  | Got a twisted scale mail
 39704 | Snake:3  | Identified the +1 scale mail of Broken Taboos {rPois rF+ rC+ rCorr} (You found it on level 4 of the Snake Pit)
 40020 | Snake:4  | Noticed Wiglaf
 40262 | Snake:4  | Killed Wiglaf
 40262 | Snake:4  | Received a gift from Okawaru
 40797 | Snake:3  | Reached skill level 9 in Charms
 41193 | Snake:4  | Reached skill level 15 in Armour
 41234 | Snake:4  | HP: 37/135 [naga ritualist/Olgreb's Toxic Radiance (5)]
 41239 | Snake:4  | HP: 24/135 [poisoned by a naga ritualist]
 41242 | Snake:4  | HP: 10/135 [guardian serpent/bolt of poison (11)]
 41247 | Snake:4  | HP: 39/135 [poisoned by a naga ritualist]
 41486 | Snake:2  | Received a gift from Okawaru
 42476 | Snake:4  | Received a gift from Okawaru
 42476 | Snake:4  | Reached skill level 13 in Fighting
 42477 | Snake:4  | Got a bloodstained chain mail {god gift}
 42484 | Snake:4  | Got a serpentine rune of Zot
 42711 | Lair:1   | Identified the +7 chain mail of the Undertaker {rPois MR+ Dex+7 SInv} (Okawaru gifted it to you on level 4 of the Snake Pit)
 42744 | Lair:1   | Learned a level 1 spell: Summon Butterflies
 42751 | Lair:1   | Learned a level 6 spell: Haste
 42756 | Lair:1   | Learned a level 2 spell: Blink
 42889 | Shoals:1 | Entered Level 1 of the Shoals
 43222 | Shoals:1 | Reached XP level 18. HP: 143/143 MP: 15/24
 43255 | Shoals:1 | Reached skill level 10 in Charms
 43670 | Shoals:1 | Reached skill level 1 in Translocations
 43746 | Shoals:1 | Reached skill level 3 in Spellcasting
 43978 | Shoals:2 | Noticed Polyphemus
 44070 | Shoals:2 | Reached skill level 2 in Translocations
 44375 | Shoals:2 | Received a gift from Okawaru
 44392 | Shoals:2 | Reached skill level 3 in Translocations
 44660 | Shoals:2 | Reached skill level 4 in Spellcasting
 44664 | Shoals:2 | Killed Polyphemus
 45453 | Shoals:3 | Found a frozen archway.
 45462 | IceCv    | Entered an ice cave
 45534 | IceCv    | Learned a level 1 spell: Apportation
 45538 | IceCv    | Learned a level 3 spell: Portal Projectile
 45867 | IceCv    | HP: 42/145 [golden dragon simulacrum (30)]
 45867 | IceCv    | HP: 16/145 [golden dragon simulacrum (6)]
 45867 | IceCv    | Mangled by a golden dragon simulacrum

Action                   |  1- 3 |  4- 6 |  7- 9 | 10-12 | 13-15 | 16-18 || total
-------------------------+-------+-------+-------+-------+-------+-------++-------
Melee: Club              |    52 |       |       |       |       |       ||    52
       Falchion          |     9 |   145 |   341 |    14 |       |       ||   509
       Dagger            |       |       |    55 |    19 |     3 |       ||    77
       Scimitar          |       |       |       |   244 |       |       ||   244
       Short sword       |       |       |       |    22 |    39 |       ||    61
       Great sword       |       |       |       |   276 |  1559 |  1367 ||  3202
       Triple sword      |       |       |       |       |       |    30 ||    30
 Fire: Blowgun           |       |       |       |     7 |     3 |     6 ||    16
Throw: Stone             |     1 |     3 |     1 |       |       |       ||     5
       Throwing net      |       |     1 |     1 |       |       |       ||     2
       Tomahawk          |       |       |    40 |    68 |    81 |    51 ||   240
       Javelin           |       |       |       |       |       |     7 ||     7
 Cast: Repel Missiles    |       |       |       |       |     4 |    25 ||    29
       Swiftness         |       |       |       |       |       |     3 ||     3
       Blink             |       |       |       |       |       |     2 ||     2
Invok: Heroism           |       |     1 |     7 |    13 |     7 |    14 ||    42
       Finesse           |       |       |       |     4 |     1 |     2 ||     7
 Abil: Evoke Flight      |       |       |     1 |       |     1 |     7 ||     9
       Evoke Blink       |       |       |       |       |     1 |    14 ||    15
       Evoke Invisibilit |       |       |       |       |       |     1 ||     1
Evoke: Wand              |       |     5 |     5 |     3 |       |     5 ||    18
       Rod               |       |       |       |       |    12 |     9 ||    21
       Sack of spiders   |       |       |       |       |     1 |       ||     1
  Use: Scroll            |     1 |     8 |    12 |     3 |    10 |     6 ||    40
       Potion            |       |       |     2 |     1 |     2 |    10 ||    15
 Stab: Held in net/web   |       |       |     1 |       |       |       ||     1
       Distracted        |       |       |       |       |     1 |     1 ||     2
       Petrified         |       |       |       |       |     1 |       ||     1
       Invisible         |       |       |       |       |       |     2 ||     2
  Eat: Chunk             |     1 |     7 |    18 |    25 |    51 |    18 ||   120
       Pizza             |       |       |       |     2 |     2 |       ||     4
       Beef jerky        |       |       |       |     1 |     2 |     1 ||     4
       Bread ration      |       |       |       |       |     1 |     5 ||     6
       Fruit             |       |       |       |       |     1 |       ||     1
       Meat ration       |       |       |       |       |       |     1 ||     1

Table legend:
 A = Turns spent in this place as a percentage of turns spent in the entire game.
 B = Non-inter-level travel turns spent in this place as a percentage of non-inter-level travel turns spent in the entire game.
 C = Inter-level travel turns spent in this place as a percentage of turns spent in this place.
 D = Turns resting spent in this place as a percentage of non-inter-level travel turns spent in this place.
 E = Turns spent auto-exploring this place as a percentage of non-inter-level travel turns spent in this place.
 F = Non-inter-level travel turns spent in this place divided by the number of levels of this place that you've seen.
                   A       B       C       D       E      F
               +-------+-------+-------+-------+-------+----------------------
         Total | 100.0 | 100.0 |   0.7 |   1.8 |   2.9 | 551.9
       Dungeon |  31.7 |  31.6 |   0.8 |   1.1 |   4.6 | 430.6
        Temple |   0.3 |   0.3 |   1.6 |   0.0 |   0.0 |  63.0
          Lair |  22.3 |  22.2 |   1.1 |   1.9 |   3.5 | 566.2
        Shoals |   6.8 |   6.8 |   0.7 |   1.7 |   1.4 | 463.7
     Snake Pit |  22.4 |  22.4 |   0.3 |   3.7 |   1.6 | 1145.8
  Orcish Mines |  14.7 |  14.8 |   0.5 |   0.4 |   1.2 | 753.5
        Bazaar |   0.5 |   0.5 |   0.0 |   0.0 |   0.0 | 106.0
      Ice Cave |   1.3 |   1.3 |   0.0 |   6.5 |   0.0 | 275.0
               +-------+-------+-------+-------+-------+----------------------

Vault maps used:
D:1:      enne_arrival_octagon_isle, serial_glass, glass_columns_c,
          glass_columns_a, glass_columns_b, glass_columns_c, glass_columns_a,
          glass_columns_a, feat_on_display
D:2:      ecumenical_altar_1, okawaru_ov_weapons_minmay
D:3:      kennysheep_big_flooded_room, lemuel_zombie_altar_kikubaaqudgha,
          uniq_iyjb
D:4:      minmay_temple_entry_glass, first_bread, uniq_robin
D:5:      yredelemnul_forgotten_temple_becter, serial_shops,
          nicolae_shop_temple_entry_statues_fountains, minmay_fountain_box
D:6:      uniq_blork_the_orc, uniq_eustachio, uniq_menkaure
D:8:      tgw_sif, nicolae_ru_awakened_eye, serial_shops, shop
D:9:      grunt_temple_overflow_diamond, dpeg_oklobed_lair, uniq_psyche
D:10:     grunt_ogre_cave, jiyva_altar_1
D:11:     lemuel_insect_pit
D:12:     kennysheep_small_square
D:13:     serial_co_window_serial, co_window_corner_a, co_window_paths_a,
          co_window_corner_a, co_window_cross_1, co_window_corner_a,
          co_window_paths_a, co_window_corner_a, co_window_broadway_a,
          co_window_corner_b, co_window_corner_ca, co_window_corner_cb,
          co_window_corner_ca, co_window_cross_4, co_window_paths_d,
          glass_columns_c, glass_columns_a, glass_columns_b, glass_columns_a,
          glass_columns_a
D:14:     lightli_vaults_fourway_checkpoint, uniq_frances
D:15:     grunt_enter_depths_snipers, serial_shops, nicolae_shop_waterfront,
          serial_bayou, serial_bayou_lake_a, serial_bayou_shore_b,
          serial_bayou_pond_e, serial_bayou_shore_b
Temple:   zaba_magenta_temple_12
Lair:1:   lemuel_fruit_fields, serial_bayou_shore_b
Lair:2:   minmay_lair_oklob_bushes
Lair:3:   beast_lair_carwin_11, serial_bayou_shore_b, uniq_nergalle, uniq_rupert
Lair:4:   elwin_shoals_entry_stream, fungi_pond_lemuel
Lair:5:   dummy_snake_entry
Lair:7:   roderic_batcave
Lair:8:   evilmike_catoblepas_cave, slime_altar_2
Shoals:1: nicolae_shoals_circle_sea_wall
Shoals:2: st_sunken_huts, uniq_polyphemus
Shoals:3: portal_ice_cave_entry_ugly_swarm, serial_shops, shop_fountains,
          nicolae_shoals_water_elemental_grotto, uniq_louise
Snake:1:  abandoned_shop, st_stairs_14
Snake:2:  serial_shops, shop, nicolae_snake_springs, serial_bayou_shore_b
Snake:3:  serial_shops, freezing_bzr, st_stairs_14, uniq_azrael
Snake:4:  grunt_snake_rune_serpentine_throne, uniq_wiglaf, uniq_kirke
Orc:2:    basic_altar, uniq_maurice
Orc:3:    basic_altar, nicolae_orc_pool_cavern, lemuel_statue_altar
Orc:4:    pubby_orc_utopia
Bazaar:   bazaar_lake
IceCv:    ice_cave_caverns_03
